 Dungeon Crawl Stone Soup version 0.25-a0-339-gb37b713d4c (webtiles) character file.

Game seed: 15256230741478083047, levelgen mode: deterministic

9332 Error4North the Blocker (level 11, 0/89 HPs)
             Began as a Hill Orc Fighter on Dec 28, 2019.
             Was an Elder of Okawaru.
             Slain by a freezing wraith (9 damage)
             ... led by a death knight
             ... on level 11 of the Dungeon.
             The game lasted 00:50:49 (12648 turns).

Error4North the Blocker (Hill Orc Fighter)         Turns: 12648, Time: 00:50:50

Health: 0/89       AC: 19    Str: 21    XL:     11   Next: 44%
Magic:  16/17      EV:  9    Int: 10    God:    Okawaru [****..]
Gold:   608        SH: 14    Dex: 10    Spells: 17/18 levels left

rFire    + . .     SeeInvis .   a - +0 war axe
rCold    + . .     Gourm    .   c - +0 shield
rNeg     + . .     Faith    .   R - +0 plate armour
rPois    .         Spirit   .   t - +1 helmet
rElec    .         Reflect  .   O - scarf {rC+ rF+}
rCorr    .         Harm     .   (no gloves)
MR       .....                  q - +0 pair of boots
Stlth    ..........             (no amulet)
HPRegen  0.24/turn              o - ring of flight
MPRegen  0.15/turn              z - ring of positive energy

@: heroism, slowed, very slow
A: no striking features
a: Heroism, Renounce Religion, Evoke Flight


You were on level 11 of the Dungeon.
You worshipped Okawaru.
Okawaru was greatly pleased with you.
You were not hungry.

You visited 3 branches of the dungeon, and saw 13 of its levels.

You collected 653 gold pieces.
You spent 45 gold pieces at shops.

Inventory:

Hand Weapons
 a - a +0 war axe (weapon)
 m - a +0 hunting sling
 K - a +3 flail
Missiles
 h - 264 stones
 p - 22 boomerangs (quivered)
 v - 52 sling bullets
Armour
 c - a +0 shield (worn)
 q - a +0 pair of boots (worn)
 t - a +1 helmet (worn)
 O - a scarf of resistance (worn)
 R - a +0 plate armour (worn)
Jewellery
 o - a ring of flight (left hand)
 z - a ring of positive energy (right hand)
Wands
 b - a wand of polymorph (7)
 r - a wand of flame (44)
 C - a wand of iceblast (10)
 L - a wand of random effects (19)
Scrolls
 e - 8 scrolls of identify
 g - a scroll of fear {unknown}
 j - 3 scrolls of teleportation
 k - 6 scrolls of amnesia {unknown}
 l - a scroll of vulnerability {unknown}
 n - 3 scrolls of magic mapping {unknown}
 u - a scroll of holy word {unknown}
 w - 11 scrolls of remove curse
 y - 3 scrolls of enchant armour {unknown}
 A - a scroll of fog {unknown}
 I - a scroll of enchant weapon {unknown}
 P - a scroll of random uselessness {unknown}
Potions
 d - a potion of might
 s - 2 potions of agility {unknown}
 x - 2 potions of curing
 B - a potion of heal wounds
 D - 2 potions of resistance {unknown}
 E - a potion of magic {unknown}
 F - 2 potions of lignification {unknown}
 J - 2 potions of mutation {unknown}
 M - a potion of cancellation {unknown}
 N - a potion of berserk rage {unknown}
Miscellaneous
 G - a sack of spiders
 H - a lamp of fire
Comestibles
 f - 23 rations


   Skills:
 - Level 5.8(10.8) Fighting
 - Level 9.1(14.1) Axes
 - Level 3.3(8.4) Slings
 - Level 0.9(7.3) Throwing
 - Level 7.1(12.1) Armour
 - Level 2.1(7.1) Dodging
 + Level 1.1(6.1) Stealth
 * Level 12.3(17.3) Shields
 + Level 4.2 Spellcasting
 + Level 1.1 Earth Magic
 - Level 3.5 Invocations
 + Level 4.2 Evocations


You had 17 spell levels left.
You knew the following spells:

 Your Spells              Type           Power        Failure   Level  Hunger
a - Sandblast             Erth           #.....       89%         1    #......

Your spell library contained the following spells:

 Spells                   Type           Power        Failure   Level  Hunger
 Animate Skeleton         Necr           N/A          97%         1    #......
 Apportation              Tloc           #.....       97%         1    #......
 Confusing Touch          Hex            #.....       97%         1    #......
 Summon Butterflies       Summ           #.......     97%         1    #......
 Summon Small Mammal      Summ           #...         97%         1    #......
 Passwall                 Tmut/Erth      #.......     98%         2    ##.....
 Lesser Beckoning         Tloc           #.........   100%        3    ###....
 Stone Arrow              Conj/Erth      #.....       100%        3    ###....
 Tukima's Dance           Hex            #.......     100%        3    ###....
 Petrify                  Tmut/Erth      #.......     100%        4    #####..
 Alistair's Intoxication  Tmut/Pois      #.......     100%        5    ######.
 Lee's Rapid Deconstruct  Erth           #.........   100%        5    ######.
 Invisibility             Hex            #.......     100%        6    #######


Dungeon Overview and Level Annotations

Branches:
Dungeon (11/15)            Temple (1/1) D:5            Lair (1/6) D:8
    Orc: D:9-12

Altars:
Ashenzari
Cheibriados
Dithmenos
Elyvilon
Fedhas
Gozag
Hepliaklqana
Kikubaaqudgha
Makhleb
Nemelex Xobeh
Okawaru
Qazlal
Ru
Sif Muna
Trog
Uskayaw
Vehumet
Wu Jian
Xom
Yredelemnul
Zin
The Shining One

Shops:
D:7 !*[:   D:8 :*[!   D:11 (


Message History

The freezing wraith is heavily damaged.
The freezing wraith hits you but does no damage.
You block the freezing wraith's attack. The freezing wraith hits you!
The freezing wraith freezes you. You resist.
You block the freezing wraith's attack.
You hit the freezing wraith.
The freezing wraith is heavily damaged.
The freezing wraith hits you. The freezing wraith freezes you! You resist.
* * * LOW HITPOINT WARNING * * *
You block the freezing wraith's attack.
You hit the freezing wraith.
The freezing wraith is severely damaged.
You block the freezing wraith's attack. The freezing wraith hits you.
* * * LOW HITPOINT WARNING * * *
The freezing wraith drains your vigour!
You feel as though you will be slow longer.
The freezing wraith hits you!
* * * LOW HITPOINT WARNING * * *
The freezing wraith freezes you! You resist.
You die...

.#..).............#..#.##.#.###
)#......#######.#.#..#.## #...#
.)..............#.#.##.##.###.#
........## ###.........#.# #.#
.......## #.#.#...<...# #.#
.......##### #.#.####..#####.#
...........# #.#.#...........#
......####.# #.#.###...#######
......####.####W@.......#
...............W#∩####..#####
...#.#####.####.#...........#
#..#... ..... ..###.........#
#..#.#####.####...'.........#
...).....#.# #.###.........#
##.#.###.#.# #.# ###########
#)#.# #.# #.# .#...# #.# #.#


You could see 2 freezing wraiths.

Vanquished Creatures
  A cyclops (D:10)
  A gargoyle (D:10)
  A freezing wraith (D:11)
  2 komodo dragons (Lair:1)
  Grinder (D:6)
  A blink frog (Lair:1)
  A hippogriff (D:10)
  4 yaks (Lair:1)
  3 wraiths
  Grum (D:8)
  4 wyverns
  Eustachio (D:6)
  A steam dragon (D:8)
  An acid dragon (D:8)
  A water moccasin (D:5)
  A porcupine (Lair:1)
  3 orc warriors
  4 ice beasts
  2 sky beasts
  A phantom (D:5)
  A black bear (D:10)
  7 ogres
  2 wolves
  2 centaurs
  2 crocodiles (D:8)
  7 bullfrogs
  5 scorpions
  8 wights
  3 killer bees
  2 howler monkeys (D:4)
  2 bullfrog zombies
  A crimson imp (D:5)
  7 hounds
  4 jellies
  10 orc wizards
  3 orc priests
  3 centaur skeletons
  Natasha (thrice) (D:3)
  4 iguanas
  4 worker ants
  2 hound skeletons
  5 hound zombies
  Robin (D:3)
  8 adders
  3 shadow imps
  2 adder zombies
  A worm (D:2)
  3 dart slugs
  4 leopard geckos
  34 orcs
  A ball python (D:5)
  7 bats
  7 giant cockroaches
  20 goblins
  10 hobgoblins
  5 jackals
  4 quokkas
  3 frilled lizards
  3 kobolds
  A leopard gecko skeleton (D:5)
  4 rats
243 creatures vanquished.

Vanquished Creatures (others)
  A killer bee (D:8)
  A hound (D:10)
2 creatures vanquished.

Grand Total: 245 creatures vanquished

Notes
Turn   | Place    | Note
-------+----------+-------------------------------------------
     0 | D:1      | Error4North the Hill Orc Fighter began the quest for the
                  | Orb.
     0 | D:1      | Reached XP level 1. HP: 19/19 MP: 1/1
   238 | D:1      | Reached XP level 2. HP: 27/27 MP: 2/2
   539 | D:1      | Reached XP level 3. HP: 33/33 MP: 3/3
  1120 | D:2      | Reached XP level 4. HP: 37/40 MP: 4/4
  1385 | D:2      | Reached skill level 4 in Shields
  1571 | D:3      | Noticed Robin
  1583 | D:3      | Killed Robin
  1706 | D:3      | Found a sparkling altar of Nemelex Xobeh.
  1774 | D:3      | Noticed Natasha
  1784 | D:3      | Killed Natasha
  1784 | D:3      | Reached skill level 1 in Spellcasting
  1784 | D:3      | Reached XP level 5. HP: 36/46 MP: 6/6
  1792 | D:3      | You fall into a shaft and drop 1 floor!
  1893 | D:3      | Found a burning altar of Makhleb.
  1907 | D:3      | Reached skill level 1 in Slings
  2009 | D:3      | Noticed Natasha
  2013 | D:3      | Killed Natasha
  2161 | D:3      | Noticed Natasha
  2172 | D:3      | Killed Natasha
  2212 | D:4      | Reached XP level 6. HP: 52/52 MP: 7/7
  2411 | D:4      | Reached skill level 1 in Dodging
  2524 | D:4      | Reached skill level 5 in Axes
  2530 | D:4      | Reached XP level 7. HP: 39/59 MP: 9/9
  2856 | D:5      | Entered Level 5 of the Dungeon
  2949 | D:5      | Reached skill level 1 in Evocations
  3163 | D:5      | Reached skill level 5 in Armour
  3163 | D:5      | Reached skill level 5 in Shields
  3683 | D:5      | Reached XP level 8. HP: 67/67 MP: 10/10
  3819 | D:5      | Found a shadowy altar of Dithmenos.
  4080 | D:5      | Found a staircase to the Ecumenical Temple.
  4086 | Temple   | Entered the Ecumenical Temple
  4130 | Temple   | Became a worshipper of Warmaster Okawaru
  4690 | D:6      | Noticed Grinder
  4690 | D:6      | Paralysed by Grinder for 7 turns
  4838 | D:7      | Found Futwezum's Distillery.
  4839 | D:7      | Found an opulent altar of Gozag.
  4841 | D:7      | Bought a potion of curing for 45 gold pieces
  4889 | D:7      | Reached skill level 6 in Shields
  5186 | D:7      | Found a shimmering altar of Xom.
  5315 | D:7      | Reached * piety under Okawaru
  5315 | D:7      | Reached XP level 9. HP: 55/73 MP: 13/13
  5335 | D:7      | Reached skill level 5 in Fighting
  5619 | D:7      | Found Kurheif's Antique Armour Boutique.
  5655 | D:7      | Found Ojobesm's Book Shoppe.
  5775 | D:7      | Found Xacoi's General Store.
  5985 | D:6      | Killed Grinder
  5985 | D:6      | Reached skill level 1 in Invocations
  6123 | D:6      | Reached skill level 7 in Shields
  6192 | D:6      | Noticed Eustachio
  6222 | D:6      | Killed Eustachio
  6246 | D:6      | Learned a level 1 spell: Sandblast
  6501 | D:8      | Found Toacesh's Distillery.
  6815 | D:8      | Reached ** piety under Okawaru
  6836 | D:8      | Reached skill level 1 in Stealth
  6859 | D:8      | Noticed Grum
  6907 | D:8      | Killed Grum
  6926 | D:8      | Found Ereuts's Book Boutique.
  6995 | D:8      | Reached skill level 8 in Shields
  6995 | D:8      | Reached XP level 10. HP: 70/81 MP: 13/15
  7036 | D:8      | Found Rimy's Assorted Antiques.
  7241 | D:8      | Found Atwiunin's Armour Emporium.
  7307 | D:8      | Reached *** piety under Okawaru
  8337 | D:8      | Found a staircase to the Lair.
  8368 | Lair:1   | Entered Level 1 of the Lair of Beasts
  8387 | Lair:1   | Reached skill level 1 in Earth Magic
  9021 | D:9      | Found a bloodstained altar of Trog.
  9036 | D:9      | Found a stormy altar of Qazlal.
  9456 | D:9      | Reached **** piety under Okawaru
  9456 | D:9      | Reached skill level 9 in Shields
  9607 | D:10     | Entered Level 10 of the Dungeon
  9639 | D:10     | Noticed a gargoyle
  9661 | D:10     | Killed a gargoyle
  9661 | D:10     | Received a gift from Okawaru
  9661 | D:10     | Reached skill level 10 in Shields
  9942 | D:10     | Reached XP level 11. HP: 49/89 MP: 17/17
 10119 | D:10     | Found a hazy altar of Hepliaklqana.
 10512 | D:11     | Noticed a cyclops
 11187 | Lair:1   | Noticed a six-headed hydra
 11215 | Lair:1   | Reached skill level 11 in Shields
 11822 | D:11     | Noticed a two-headed ogre
 11844 | D:11     | Found Malyxor's Weapon Shoppe.
 11910 | D:11     | Noticed a death knight
 11967 | D:10     | Reached skill level 12 in Shields
 12308 | D:11     | Noticed a two-headed ogre
 12349 | D:10     | Killed a cyclops
 12407 | D:11     | Noticed a brown ugly thing
 12648 | D:11     | Slain by a freezing wraith

Levels and vault maps discovered:
D:1:      wander_arrival_peaceful_grave, layout_basic
D:2:      layout_basic, minmay_pentomino_q2
D:3:      layout_rooms, makhleb_blood_cavern_becter,
          chequers_serial_rivers_micro_a, nemelex_xobeh_ov_fountains_minmay,
          uniq_natasha, uniq_robin
D:4:      layout_rooms
D:5:      layout_basic, lemuel_round_altar, minmay_temple_entry_nine_rooms,
          first_ration, chequers_serial_rivers_micro_b
D:6:      layout_rooms, uniq_grinder, uniq_eustachio
D:7:      layout_loops_ring, basic_altar, serial_shops, shop,
          nicolae_shop_crystal, kennysheep_mini, nicolae_shop_waterfront,
          grunt_ogre_cave, minmay_misc_feat_plants, brannock_xom_greatest_gift
D:8:      layout_cave_pools, erik_lair_dragon, serial_shops, shop, shop,
          nicolae_shop_behind_doors, shop, uniq_grum
D:9:      layout_irregular_city, minitemple, supply_closet_lemuel,
          grunt_decor_one_mirror, st_stairs_7, roderic_three_in_a_row
D:10:     layout_basic, basic_altar
D:11:     layout_basic, serial_shops, shop
Temple:   compressed_dpeg_circular_temple
Lair:1:   layout_cave_pods, st_stairs_5, grunt_forest_small_clearings

Skill      XL: |  1  2  3  4  5  6  7  8  9 10 11 |
---------------+----------------------------------+-----
Axes           | 3 4 5 6 7 8 9 |  9.1
Armour         | 4 5 6 7 |  7.1
Shields        | 4 5 6 8 10 12 | 12.3
Fighting       | 4 5 |  5.8
Spellcasting   | 1 2 3 4 |  4.2
Slings         | 1 2 3 |  3.3
Dodging        | 1 2 |  2.1
Evocations     | 2 3 4 |  4.2
Invocations    | 2 3 |  3.5
Stealth        | 1 |  1.1
Earth Magic    | 1 |  1.1
Throwing       | |  0.9

Action                   |  1- 3 |  4- 6 |  7- 9 | 10-12 || total
-------------------------+-------+-------+-------+-------++-------
Melee: War axe           |    83 |   104 |   376 |   515 ||  1078
 Fire: Hunting sling     |    19 |    31 |    78 |    73 ||   201
Throw: Boomerang         |       |     4 |    18 |    11 ||    33
       Stone             |       |     1 |       |       ||     1
Invok: Heroism           |       |       |     5 |    10 ||    15
Evoke: Wand              |       |       |       |     1 ||     1
  Use: Potion            |       |     1 |     4 |     7 ||    12
       Scroll            |       |       |       |     6 ||     6
  Eat: Chunk             |       |     5 |     7 |     7 ||    19
       Ration            |       |       |     3 |     3 ||     6
Armor: Scale mail        |    61 |    77 |    50 |       ||   188
       Chain mail        |       |       |   104 |   187 ||   291
       Plate armour      |       |       |       |    27 ||    27
Dodge: Dodged            |    27 |    50 |   114 |   133 ||   324
Block: Shield            |    60 |    69 |   228 |   333 ||   690

Table legend:
 A = Non-vault XP
 B = Vault XP
 C = Vault XP percentage of total XP
 D = Non-vault monster count
 E = Vault monster count
 F = Vault count percentage of total count
                 A         B        C        D         E       F
            +---------+---------+-------+---------+---------+-------
      Total |   10931 |    2401 |  18.0 |     213 |      31 |  12.7
            +---------+---------+-------+---------+---------+-------
        D:1 |      35 |       0 |   0.0 |      20 |       0 |   0.0
        D:2 |      68 |       6 |   8.1 |      21 |       2 |   8.7
        D:3 |     114 |     113 |  49.8 |       8 |      15 |  65.2
        D:4 |     364 |       0 |   0.0 |      14 |       0 |   0.0
        D:5 |    1003 |       0 |   0.0 |      26 |       0 |   0.0
        D:6 |     819 |     457 |  35.8 |      17 |       2 |  10.5
        D:7 |     562 |     236 |  29.6 |      10 |       2 |  16.7
        D:8 |    1612 |    1288 |  44.4 |      33 |       8 |  19.5
        D:9 |     880 |      37 |   4.0 |      19 |       1 |   5.0
       D:10 |    2280 |       0 |   0.0 |      14 |       0 |   0.0
       D:11 |    1499 |       0 |   0.0 |      24 |       0 |   0.0
     Lair:1 |    1695 |     264 |  13.5 |       7 |       1 |  12.5
            +---------+---------+-------+---------+---------+-------
